 Dungeon Crawl Stone Soup version 0.30.1-9-gdf580d7c3d (webtiles) character file.

Game seed: 8396405277677057265

79117 SANCTIFIEDBEING the Severer (level 15, -2/208 HPs)
             Began as a Minotaur Berserker on Oct 11, 2023.
             Was the Champion of Trog.
             Slain by a skeletal warrior
             ... wielding a +0 flail
              (18 damage)
             ... on level 13 of the Dungeon.
             The game lasted 00:29:00 (22805 turns).

SANCTIFIEDBEING the Severer (Minotaur Berserker)   Turns: 22805, Time: 00:29:01

Health: -2/208     AC: 33    Str: 30    XL:     15   Next: 20%
Magic:  14/14      EV: 10    Int:  7    God:    Trog [******]
Gold:   999        SH: 11    Dex: 10    Spells: 14/14 levels left

rFire   + + +        D - +0 war axe (freeze)
rCold   + + .        M - +1 kite shield of Gidow {Contam +Blink rF++}
rNeg    + . .        S - +10 plate armour of Gravity {-Tele Harm rC+ rCorr Str+3}
rPois   .            I - +1 hat {Stlth+}
rElec   .            J - +2 cloak {rF+}
rCorr   +            k - +2 pair of gloves
SInv    .            (no boots)
Will    +....        z - amulet of faith Stlth
                     u - ring "Naexaduy" {rN+ rCorr Str-2 Int+3}
HPRegen 0.54/turn    t - ring of protection from cold
MPRegen 0.14/turn

%: no teleportation, harm (+30% outgoing, +20% incoming), faith
@: berserking, very quick
A: horns 2, retaliatory headbutt
a: Renounce Religion, Evoke Blink, Berserk, Trog's Hand, Brothers in Arms


You were on level 13 of the Dungeon.
You worshipped Trog.
Trog was exalted by your worship.
You visited 2 branches of the dungeon, and saw 18 of its levels.
You also visited: Ossuary and Ice Cave.

You collected 1327 gold pieces.
You spent 328 gold pieces at shops.

Inventory:

Hand Weapons
 D - a +0 war axe of freezing (weapon)
 L - a +2 heavy broad axe
Missiles
 c - 2 throwing nets (quivered)
Armour
 k - a +2 pair of gloves (worn)
 I - a +1 hat of stealth (worn)
 J - a +2 cloak of fire resistance (worn)
 M - the +1 kite shield of Gidow (worn) {Contam +Blink rF++}
   (You found it on level 10 of the Dungeon)

   rF:        It greatly protects you from fire.
   +Blink:    It lets you blink.
   Contam:    It causes magical contamination when unequipped.
 S - the +10 plate armour of Gravity (worn) {-Tele Harm rC+ rCorr Str+3}
   (You found it on level 3 of the Lair of Beasts)

   Str:       It affects your strength (+3).
   rC:        It protects you from cold.
   -Tele:     It prevents most forms of teleportation.
   rCorr:     It protects you from acid and corrosion.
   Harm:      It increases damage dealt and taken.
Jewellery
 m - a ring of protection from fire
 t - a ring of protection from cold (right hand)
 u - the ring "Naexaduy" (left hand) {rN+ rCorr Str-2 Int+3}
   (You found it in an ice cave)

   [ring of positive energy]

   Str:       It affects your strength (-2).
   Int:       It affects your intelligence (+3).
   rN:        It protects you from negative energy.
   rCorr:     It protects you from acid and corrosion.
 z - an amulet of faith (around neck)
 P - an amulet of reflection
Wands
 h - a wand of mindburst (22)
 x - a wand of flame (47)
 A - a wand of charming (18)
 C - a wand of digging (4)
 K - a wand of acid (4)
 N - a wand of roots (17)
Scrolls
 b - 2 scrolls of identify
 g - 10 scrolls of teleportation
 i - 3 scrolls of enchant armour
 j - 6 scrolls of enchant weapon
 s - 2 scrolls of poison
 v - a scroll of fear
 y - a scroll of summoning
 B - a scroll of blinking
 G - 2 scrolls of fog
 R - a scroll of magic mapping
Potions
 a - a potion of magic {unknown}
 d - 5 potions of heal wounds
 e - 3 potions of cancellation
 f - 2 potions of degeneration {unknown}
 l - 5 potions of brilliance
 n - 4 potions of lignification
 o - 11 potions of curing
 p - 2 potions of haste {unknown}
 q - 3 potions of flight
 r - 6 potions of berserk rage
 w - 7 potions of attraction
 E - a potion of ambrosia
 F - 4 potions of mutation
 H - a potion of invisibility {unknown}
 O - a potion of resistance {unknown}
Miscellaneous
 Q - a condenser vane (inert)


   Skills:
 - Level 14.4 Fighting
 * Level 19.7 Axes
 - Level 12.5 Armour
 - Level 10.0 Dodging
 - Level 0.2 Stealth
 - Level 9.4 Shields
 - Level 9.4 Evocations


You had 14 spell levels left.
You didn't know any spells.
Your spell library was empty.

Dungeon Overview and Level Annotations

Branches:
Dungeon (13/15)            Temple (0/1) D:4            Lair (5/5) D:10
 Shoals (0/4) Lair:3        Snake (0/4) Lair:3        Slime (0/5) Lair:4
    Orc (0/2) D:10         Vaults (0/5) D:13        Ossuary (visited)
  IceCv (visited)

Altars:
Dithmenos
Kikubaaqudgha
The Shining One

Shops:
D:10 *


Innate Abilities, Weirdness & Mutations

You have a pair of horns on your head.
You reflexively headbutt those who attack you in melee.


Message History

The sun demon disappears in a puff of smoke!
The quasit disappears in a puff of smoke!
The iron imp disappears in a puff of smoke!
The vault guard hits you with a +0 long sword.
* * * LOW HITPOINT WARNING * * *
You slice the vault guard!! You freeze the vault guard.
You kill the vault guard!
Trog accepts your kill.
The centaur warrior shoots an arrow.
You block the arrow.
The centaur warrior shoots an arrow.
The arrow hits you but does no damage.
Unknown command.
You slice the quasit!! You freeze the quasit.
You kill the quasit!
The quasit disappears in a puff of smoke!
The centaur warrior shoots an arrow.
The arrow hits you but does no damage.
The kobold demonologist begins to cast a cantrip, but forgets the words!
Unknown command.
You slash the centaur warrior! You freeze the centaur warrior!
You headbutt the centaur warrior.
You kill the centaur warrior!
Trog accepts your kill.
The centaur warrior shoots an arrow.
You block the arrow.
Unknown command.
You hit the skeletal warrior but do no damage.
You headbutt the skeletal warrior, but do no damage.
Unknown command.
You closely miss the skeletal warrior.
The skeletal warrior hits you with a +0 flail!
* * * LOW HITPOINT WARNING * * *
Unknown command.
A red film seems to cover your vision as you go berserk!
You feel yourself moving faster!
You feel mighty!
You block the skeletal warrior's attack.
The smoke demon gestures at you. Something smites you!
* * * LOW HITPOINT WARNING * * *
You slice the skeletal warrior!! You freeze the skeletal warrior.
The skeletal warrior is heavily damaged.
The skeletal warrior hits you with a +0 flail!
You die...

#..####.....##
#...##.#...#.#
####....#.......#
#..<....+§..∩...
#.##....# .§... # #
#....##.#54.#.#
###...## #.cc3.# #
#...†## ##z##
#.#.##.## ##)@.##
#.......####.....##
####.....##.......#
#.#...............
#.............####
###############


You could see a skeletal warrior, a centaur warrior, a smoke demon (summoned), a
chaos spawn (summoned), a centaur (poisoned) and a shadow imp (summoned).

Vanquished Creatures
  Gastronok (D:11)
  A dire elephant (Lair:5)
  The ghost of Tinen the Brawler, a journeyman TrMo of Wu Jian (D:12)
  The ghost of Xeikkuus the Cleaver, a journeyman MiFi of Okawaru (D:12)
  The ghost of Naggiasi the Slicer, a journeyman KoBr of Trog (D:12)
  4 vault guards (D:13)
  3 catoblepae
  5 boulder beetles
  3 hydras
  2 centaur warriors
  3 two-headed ogres
  Erica (D:11)
  6 death yaks
  Nergalle (Lair:2)
  A skyshark (Lair:5)
  A necromancer (IceCv)
  A lindwurm (Lair:5)
  2 ugly things (IceCv)
  A wolf spider (Lair:5)
  A deep elf pyromancer (D:12)
  2 cyclopes
  An oklob plant (Lair:2)
  9 manticores
  An ice statue (IceCv)
  17 elephants (Lair:5)
  5 black mambas
  8 cane toads
  3 kobold demonologists
  3 gargoyles
  Psyche (D:9)
  An unseen horror (D:10)
  6 komodo dragons
  3 freezing wraiths (IceCv)
  A rime drake (Lair:1)
  11 ice devils (IceCv)
  An anaconda simulacrum (IceCv)
  3 trolls
  12 polar bears
  3 raiju (Lair:5)
  7 blink frogs
  Prince Ribbit (D:7)
  8 dream sheep (Lair:5)
  13 slime creatures
  2 shadows
  4 wyverns
  A wraith (D:12)
  A vampire (D:11)
  4 dire elephant simulacra (IceCv)
  39 yaks
  A steam dragon (D:6)
  3 vampire mosquitoes (D:12)
  4 basilisks
  2 death yak simulacra (IceCv)
  4 wargs (Lair:5)
  4 nagas (Lair:3)
  A harpy simulacrum (IceCv)
  14 hell hounds (Lair:5)
  2 acid dragons
  A hydra simulacrum (IceCv)
  12 water moccasins
  5 orc warriors
  Duvessa (D:7)
  3 sky beasts
  3 ice beasts
  42 wolves
  12 black bears
  An ogre (D:6)
  A phantom (D:4)
  3 centaurs
  10 kobold brigands
  13 bullfrogs
  15 scorpions
  2 gnoll sergeants
  6 cane toad simulacra
  12 wights
  Dowan (D:7)
  11 killer bees
  4 elephant simulacra
  2 howler monkeys (D:8)
  The ghost of Psyclone the Conjurer, a weakling DECj (D:5)
  4 centaur zombies
  6 hounds
  6 jellies
  4 orc priests
  A human zombie (Ossuary)
  3 scorpion zombies (Ossuary)
  A gnoll bouda (D:8)
  4 hell rats (D:10)
  2 sleepcaps
  6 iguanas
  12 orc wizards
  2 spriggan simulacra (IceCv)
  2 polar bear simulacra (IceCv)
  A troll simulacrum (IceCv)
  9 wolf simulacra
  4 mummies
  A howler monkey zombie (D:9)
  12 gnolls
  10 adders
  2 naga simulacra (IceCv)
  2 river rats (D:10)
  4 ufetubi
  2 worms
  4 dart slugs
  29 orcs
  4 bats
  19 endoplasms
  2 giant cockroaches
  A gnoll zombie (Ossuary)
  6 goblins
  2 hobgoblins
  7 jackals
  6 quokkas
  4 ball pythons
  5 frilled lizards
  2 goblin zombies (Ossuary)
  2 hobgoblin zombies (Ossuary)
  25 kobolds
  3 kobold zombies (Ossuary)
  4 orc zombies (Ossuary)
  3 rats
635 creatures vanquished.

Notes
Turn   | Place    | Note
-------+----------+-------------------------------------------
     0 | D:1      | SANCTIFIEDBEING the Minotaur Berserker began the quest for
                  | the Orb.
     0 | D:1      | Reached XP level 1. HP: 19/19 MP: 0/0
    86 | D:1      | Reached skill level 4 in Axes
   174 | D:1      | Reached XP level 2. HP: 26/26 MP: 1/1
   246 | D:1      | Found a faded altar of an unknown god.
   779 | D:2      | Reached skill level 5 in Axes
   779 | D:2      | Reached XP level 3. HP: 33/33 MP: 2/2
   936 | D:2      | Reached ** piety under Trog
  1408 | D:3      | Reached XP level 4. HP: 40/40 MP: 3/3
  1585 | D:3      | Reached skill level 6 in Axes
  1599 | D:3      | Reached XP level 5. HP: 41/46 MP: 4/4
  2316 | D:4      | Found a staircase to the Ecumenical Temple.
  2332 | D:4      | Noticed a phantom
  2346 | D:4      | Killed a phantom
  2347 | D:4      | Reached skill level 7 in Axes
  2562 | D:4      | Reached XP level 6. HP: 49/53 MP: 5/5
  3300 | D:5      | Entered Level 5 of the Dungeon
  3449 | D:5      | Found a runed translucent door.
  3452 | D:5      | Noticed Psyclone's ghost (weakling DECj)
  3504 | D:5      | Reached *** piety under Trog
  3655 | D:5      | Reached skill level 5 in Fighting
  3655 | D:5      | Reached skill level 8 in Axes
  3716 | D:5      | Reached XP level 7. HP: 61/61 MP: 6/6
  3814 | D:5      | Reached skill level 1 in Evocations
  4199 | D:5      | Killed Psyclone's ghost
  4259 | D:6      | Noticed a steam dragon
  4262 | D:6      | Reached skill level 9 in Axes
  4271 | D:6      | Killed a steam dragon
  4286 | D:6      | Reached XP level 8. HP: 44/70 MP: 7/7
  4423 | D:6      | Found a sand-covered staircase.
  4432 | Ossuary  | Entered an ossuary
  4478 | Ossuary  | Reached skill level 10 in Axes
  4826 | Ossuary  | Reached **** piety under Trog
  4827 | Ossuary  | Reached skill level 11 in Axes
  4907 | Ossuary  | Reached XP level 9. HP: 62/80 MP: 8/8
  5400 | D:6      | You fall into a shaft and drop 3 floors!
  5420 | D:9      | Reached skill level 12 in Axes
  5741 | D:8      | Reached skill level 5 in Armour
  5874 | D:8      | Reached skill level 13 in Axes
  6260 | D:8      | Reached XP level 10. HP: 66/90 MP: 9/9
  6271 | D:8      | Reached ***** piety under Trog
  6935 | D:6      | Reached skill level 14 in Axes
  7416 | D:7      | Noticed Duvessa
  7416 | D:7      | Noticed Dowan
  7420 | D:7      | Killed Dowan
  7426 | D:7      | Killed Duvessa
  7878 | D:7      | Noticed Prince Ribbit
  7886 | D:7      | Killed Prince Ribbit
  8250 | D:7      | Found an ancient bone altar of Kikubaaqudgha.
  8618 | D:9      | Noticed Psyche
  8618 | D:9      | Noticed a two-headed ogre
  8626 | D:9      | Killed Psyche
  8632 | D:9      | Killed a two-headed ogre
  8633 | D:9      | Reached skill level 10 in Fighting
  8633 | D:9      | Reached skill level 15 in Axes
  9097 | D:9      | Noticed a manticore
  9121 | D:9      | Noticed a two-headed ogre
  9129 | D:9      | Killed a two-headed ogre
  9130 | D:9      | Reached skill level 5 in Evocations
  9130 | D:9      | Reached XP level 11. HP: 22/101 MP: 10/10
 10107 | D:10     | Entered Level 10 of the Dungeon
 10113 | D:10     | Identified the +1 kite shield of Gidow {Contam +Blink rF++}
 10120 | D:10     | Found Ametacza's Fire Supplies.
 10129 | D:10     | Bought a +2 cloak of fire resistance for 236 gold pieces
 10129 | D:10     | Bought a wand of flame (12) for 92 gold pieces
 10145 | D:10     | Noticed a death yak
 10155 | D:10     | Noticed a death yak
 10161 | D:10     | Noticed a death yak
 10164 | D:10     | Killed a death yak
 10173 | D:10     | Killed a death yak
 10181 | D:10     | Killed a death yak
 10500 | D:10     | Found a staircase to the Lair.
 10561 | D:10     | Found a glowing golden altar of the Shining One.
 10780 | D:10     | Found a shadowy altar of Dithmenos.
 11025 | D:10     | Found a staircase to the Orcish Mines.
 11743 | D:11     | Reached skill level 1 in Shields
 11908 | D:11     | Noticed a soul eater
 11911 | D:11     | Reached skill level 5 in Dodging
 11917 | D:11     | Received a gift from Trog
 12155 | D:11     | Noticed Gastronok
 12165 | D:11     | Killed Gastronok
 12171 | D:11     | Reached XP level 12. HP: 110/110 MP: 11/11
 12297 | D:11     | Noticed Erica
 12313 | D:11     | Killed Erica
 12314 | D:11     | Reached skill level 16 in Axes
 12614 | Lair:1   | Entered Level 1 of the Lair of Beasts
 12641 | Lair:1   | Found a frozen archway.
 12682 | IceCv    | Entered an ice cave
 13527 | IceCv    | Found an ancient bone altar of Kikubaaqudgha.
 13531 | IceCv    | Received a gift from Trog
 13912 | IceCv    | Reached skill level 5 in Shields
 13944 | IceCv    | Reached skill level 10 in Armour
 14288 | IceCv    | Identified the ring "Naexaduy" {rN+ rCorr Str-2 Int+3}
 15272 | Lair:2   | Noticed Nergalle
 15286 | Lair:2   | Killed Nergalle
 15287 | Lair:2   | Reached XP level 13. HP: 109/119 MP: 12/12
 15770 | Lair:2   | Received a gift from Trog
 15848 | Lair:2   | Reached skill level 17 in Axes
 17025 | Lair:3   | Found a staircase to the Snake Pit.
 17040 | Lair:3   | Reached ****** piety under Trog
 17179 | Lair:3   | Received a gift from Trog
 17508 | Lair:3   | Identified the +10 plate armour of Gravity {-Tele Harm rC+
                  | rCorr Str+3}
 17545 | Lair:3   | Found a staircase to the Shoals.
 18518 | Lair:4   | Found a staircase to the Slime Pits.
 18728 | Lair:5   | Entered Level 5 of the Lair of Beasts
 19312 | Lair:5   | Reached XP level 14. HP: 112/129 MP: 13/13
 19396 | Lair:5   | Reached skill level 18 in Axes
 19816 | Lair:5   | Received a gift from Trog
 20558 | Lair:5   | Received a gift from Trog
 21993 | D:12     | Received a gift from Trog
 22172 | D:12     | Reached skill level 19 in Axes
 22477 | D:12     | Reached XP level 15. HP: 136/139 MP: 14/14
 22640 | D:12     | Found a runed translucent gate.
 22640 | D:12     | Found a runed translucent gate.
 22643 | D:12     | Found a runed translucent gate.
 22644 | D:12     | Noticed Xeikkuus's ghost (journeyman MiFi)
 22644 | D:12     | Noticed Naggiasi's ghost (journeyman KoBr)
 22644 | D:12     | Noticed Tinen's ghost (journeyman TrMo)
 22657 | D:12     | Killed Tinen's ghost
 22658 | D:12     | Reached skill level 10 in Dodging
 22661 | D:12     | Killed Naggiasi's ghost
 22663 | D:12     | Killed Xeikkuus's ghost
 22712 | D:12     | Identified the +0 ring mail of Luhauvoby {rN++ Int+7}
 22717 | D:12     | Identified the +4 flail "Vaebb" {speed, rPois rF- Str+6
                  | Stlth+}
 22773 | D:13     | Found a gate to the Vaults.
 22805 | D:13     | Slain by a skeletal warrior

Illustrated notes

Levels and vault maps discovered:
D:1:      wander_arrival_desolate, layout_rooms, ebering_ecumenical_altar_box,
          st_stairs_4, nrook_mini_backslash
D:2:      layout_rooms
D:3:      layout_loops_corners
D:4:      layout_basic, temple_doors_e, chequers_serial_rivers_micro_a,
          kennysheep_generic_room_12
D:5:      layout_gridville, ebering_ghost_sewer_d, dreamdust_mushroom_princess,
          minmay_holes, lexackson_kobold_supper
D:6:      layout_gridville, gup_ossuary_entry_pyramid, minmay_between
D:7:      layout_loops_corners, kiku_gazebo_pond_becter, corexii_hall_statues_u,
          minmay_misc_feat_rows, uniq_prince_ribbit1, uniq_duvessa
D:8:      layout_loops_ring
D:9:      layout_rooms, serial_undead, serial_undead_c, serial_undead_b,
          serial_undead_b, serial_undead_a, kennysheep_island_fort, uniq_psyche
D:10:     layout_irregular_city, tso_metal_star,
          mainiacjoe_overflow_surrounded_room, dpeg_lair_monsters,
          nicolae_shop_fire_sale [nicolae_sub_dead_trees]
D:11:     layout_roguey, uniq_erica, uniq_gastronok
D:12:     minmay_s_stair_smasher, layout_long_grid, gammafunk_ghost_cemetery,
          kennysheep_generic_room_4
D:13:     layout_roguey, lightli_vaults_fourway_checkpoint, serial_shops,
          nicolae_diamond_shop
Lair:1:   layout_long_grid, portal_ice_cave_entry_ice_simulacra,
          grunt_megastairs_4
Lair:2:   lemuel_slime, layout_loops_ring, nzn_sisyphean_effort,
          serial_bayou_shore_a, grunt_megastairs_1, uniq_nergalle
Lair:3:   layout_regular_city, shoals_dummy_entry,
          minmay_snake_entry_guardpost_medium
Lair:4:   layout_loops_ring, dpeg_slime_entry_enclosed, minivault_23
Lair:5:   hangedman_lair_caniforms_friends, layout_cave_pods,
          hangedman_lair_in_review, infiniplex_staircase_pool

Skill      XL: |  1  2  3  4  5  6  7  8  9 10 11 12 13 14 15 |
---------------+----------------------------------------------+-----
Axes           | 4 5 6 7 8 9 11 13 15 16 17 19 | 19.7
Fighting       | 4 5 6 7 8 10 11 12 13 14 | 14.4
Armour         | 3 4 5 7 8 10 11 12 | 12.5
Evocations     | 1 2 4 5 6 7 8 9 |  9.4
Dodging        | 3 5 7 8 9 10 | 10.0
Shields        | 2 5 7 9 |  9.4
Stealth        | |  0.2

Action                     |  1- 3 |  4- 6 |  7- 9 | 10-12 | 13-15 || total
---------------------------+-------+-------+-------+-------+-------++-------
  Melee: Hand axe          |    63 |   136 |   243 |       |       ||   442
         Headbutt          |     5 |    12 |    85 |   129 |   183 ||   414
         Punch             |       |     4 |     6 |     1 |       ||    11
         War axe           |       |       |   101 |   577 |   772 ||  1450
 Invoke: Berserk           |       |       |     1 |    10 |     4 ||    15
         Trog's Hand       |       |       |     1 |     3 |     1 ||     5
  Evoke: Wand              |       |       |       |     4 |     1 ||     5
         Condenser vane    |       |       |       |       |     1 ||     1
    Use: Scroll            |     8 |     3 |     4 |     8 |     2 ||    25
         Potion            |       |       |       |     2 |     1 ||     3
 Armour: Animal skin       |    10 |       |       |       |       ||    10
         Ring mail         |     6 |     1 |       |       |       ||     7
         Chain mail        |       |    72 |    43 |       |       ||   115
         Plate armour      |       |       |   179 |   290 |   390 ||   859
         Ice dragon scales |       |       |       |    77 |   114 ||   191
  Dodge: Dodged            |    45 |    75 |   134 |   185 |   294 ||   733
  Block: Kite shield       |       |       |       |   119 |   404 ||   523
